Kings vs Lightning
Created - January 20, 2020 at 19:18
Goals
|
| Kings |
2 |
1 |
1 |
4 |
| Lightning |
0 |
2 |
1 |
3 |
|
Shots
|
| Kings |
12 |
14 |
9 |
35 |
| Lightning |
10 |
10 |
7 |
27 |
|
1st period
1. Kings , Nathan MacKinnon 6 (Jeff Schultz 18) at 2:44
2. Kings , Patrick Marleau 5 (Hampus Lindholm 14, Sean Bergenheim 18) at 17:58
Penalties :
Zack Kassian (LAK) for Tripping (Minor) at 8:34, Nathan MacKinnon (LAK) for High sticking (Minor) at 13:25
2nd period
3. Lightning , Tyler Johnson 17 (Nikita Kucherov 14) at 1:23 (PP)
4. Lightning , Jack Skille 2 (Dany Heatley 2, Theo Peckham 6) at 5:18
5. Kings , Sean Bergenheim 13 (Kris Versteeg 11) at 8:20 (PP)
Penalties :
Matt Martin (LAK) for Hooking (Minor) at 0:25, Theo Peckham (TB.) for Hooking (Minor) at 7:34, Daniel Carcillo (TB.) for Slashing (Minor) at 9:15, Daniel Carcillo (TB.) for Interference (Minor) at 13:23, Cameron Schilling (TB.) for Cross-checking (Minor) at 17:38
3rd period
6. Lightning , Cody Hodgson 8 (Patrick Kaleta 5, Theo Peckham 7) at 15:55
7. Kings , Zack Kassian 9 (Jaden Schwartz 26, Victor Hedman 15) at 19:04 (PP)
Penalties :
Gilbert Brule (TB.) for Hooking (Minor) at 1:15, Daniel Carcillo (TB.) for High sticking (Minor) at 1:33, Zack Kassian (LAK) for Tripping (Minor) at 7:04, Maxim Afinogenov (LAK) for Charging (Minor) at 7:29, Mikael Backlund (TB.) for Interference (Minor) at 9:54, Teuvo Teravainen (TB.) for Tripping (Minor) at 18:49, Rasmus Ristolainen (TB.) for Elbowing (Minor) at 19:16
Goalie Stats
Antti Niemi (LAK), 24 saves from 27 shots - (0.889), W, 4-4-3, 60:00 minutes
Jaroslav Halak (TB.), 31 saves from 35 shots - (0.886), L, 16-12-1, 60:00 minutes
Players Stats for Kings
Player Name G A P +/- PIM S H SB GA TA FO MP PP MP PK MP
------------------------------------------------------------------------------------
Anze Kopitar 0 0 0 0 0 2 1 0 0 0 11/20 18:09 3:43 2:05
Dan Hamhuis 0 0 0 0 0 0 3 0 0 2 0/0 15:43 0:00 2:34
Hampus Lindholm 0 1 1 0 0 4 1 0 0 1 0/0 21:24 8:14 0:35
Jaden Schwartz 0 1 1 0 0 2 4 0 0 0 0/0 19:18 7:12 0:13
Jeff Schultz 0 1 1 0 0 3 3 0 1 0 0/0 21:22 3:43 4:11
Kris Versteeg 0 1 1 0 0 0 1 0 0 1 0/0 16:20 4:45 0:00
Mark Scheifele 0 0 0 0 0 3 0 1 1 0 9/19 17:58 4:45 1:23
Matt Martin 0 0 0 0 2 2 2 0 1 0 4/6 13:11 0:08 2:44
Maxim Afinogenov 0 0 0 0 2 1 2 1 0 2 0/2 13:57 0:08 3:29
Nathan MacKinnon 1 0 1 0 2 3 0 0 0 1 9/22 17:10 7:04 0:00
Patrick Marleau 1 0 1 0 0 4 1 1 0 1 0/0 8:14 0:00 1:29
Peter Regin 0 0 0 0 0 0 3 1 0 0 1/3 8:14 0:00 1:29
Radko Gudas 0 0 0 0 0 1 1 1 0 1 0/0 17:49 0:00 3:09
Sean Bergenheim 1 1 2 0 0 3 2 0 0 0 1/1 16:32 4:45 0:00
T.J. Oshie 0 0 0 0 0 1 0 0 0 0 0/0 6:45 0:00 0:00
Taylor Chorney 0 0 0 0 0 1 0 1 0 0 0/0 17:24 0:00 4:11
Victor Hedman 0 1 1 0 0 0 0 2 0 0 0/0 22:13 8:14 0:00
Zack Kassian 1 0 1 0 4 5 4 0 0 0 0/0 19:18 7:04 0:13
Players Stats for Lightning
Player Name G A P +/- PIM S H SB GA TA FO MP PP MP PK MP
------------------------------------------------------------------------------------
Andy Rogers 0 0 0 2 0 0 0 0 0 1 0/0 19:53 0:00 7:53
Cameron Schilling 0 0 0 -1 2 0 1 0 0 0 0/0 16:26 2:43 3:29
Cody Hodgson 1 0 1 0 0 3 1 0 0 0 6/13 12:11 0:00 0:49
Daniel Carcillo 0 0 0 0 6 4 1 0 0 0 1/1 16:52 0:00 3:57
Dany Heatley 0 1 1 0 0 1 1 0 1 0 2/2 8:58 0:00 2:14
Gilbert Brule 0 0 0 0 2 3 1 0 0 0 8/13 17:07 3:17 3:11
Henrik Zetterberg 0 0 0 0 0 1 0 0 1 0 1/1 15:09 3:17 0:57
Jack Skille 1 0 1 0 0 2 0 1 0 0 0/0 6:41 0:00 0:00
Jon Merrill 0 0 0 -1 0 3 3 0 0 1 0/0 30:22 4:37 7:53
Mikael Backlund 0 0 0 0 2 0 0 0 0 0 1/5 6:43 0:00 0:00
Nikita Kucherov 0 1 1 0 0 2 0 1 1 0 0/1 15:45 4:03 0:00
Patrick Kaleta 0 1 1 0 0 1 1 0 1 0 1/1 14:53 0:00 3:53
Paul Ranger 0 0 0 -1 0 0 2 0 0 1 0/0 13:30 2:43 0:35
Rasmus Ristolainen 0 0 0 -1 2 0 0 1 1 0 0/0 23:04 4:37 0:00
Teuvo Teravainen 0 0 0 0 2 1 0 1 0 0 1/2 15:05 4:03 0:00
Theo Peckham 0 2 2 2 2 2 0 0 1 0 0/0 16:54 0:00 4:04
Tyler Johnson 1 0 1 0 0 4 0 0 2 0 17/33 23:36 4:03 7:11
Tyler Toffoli 0 0 0 0 0 0 1 0 1 0 0/1 13:04 3:17 0:00
3 Stars
1 - Sean Bergenheim (LAK)
2 - Patrick Marleau (LAK)
3 - Jaden Schwartz (LAK)
Power Play
Kings - 2 on 9 Attempt(s) - 22.22%
Lightning - 1 on 5 Attempt(s) - 20.00%
Penalty Kill
Kings - 4 on 5 Attempt(s) - 80.00%
- Score 0 goal in Penalty Kill
Lightning - 7 on 9 Attempt(s) - 77.78%
- Score 0 goal in Penalty Kill
Team Stat
Kings - Hits : 28 - Faceoff Wins : 35 - Blocked Shots : 8 - Penalty Minutes : 10
Lightning - Hits : 12 - Faceoff Wins : 38 - Blocked Shots : 4 - Penalty Minutes : 18
Official
Referees : Unknown
Linesman : Unknown
Game Notes
No Game Note
Finance
Level 1 -- Attendance: 4792 (79.87%) -- Ticket Income $551,080
Level 2 -- Attendance: 4612 (92.24%) -- Ticket Income $295,168
Level 3 -- Attendance: 1655 (82.75%) -- Ticket Income $72,820
Level 4 -- Attendance: 2818 (70.45%) -- Ticket Income $112,720
Luxury Box -- Attendance: 699 (69.90%) -- Ticket Income $150,285
Game was played at the Tampa Bay Stadium.
Total Attendance: 14576 (80.98%)
Total Ticket Income: $1,182,073
Other Income: $177,311
Total Income: $1,359,384
Kings
5 vs 5 Forward
Center Left Wing Right Wing Time % Phy DF OF
1 Anze Kopitar Jaden Schwartz Zack Kassian 35 1 2 2
2 Mark Scheifele Sean Bergenheim Kris Versteeg 35 1 2 2
3 Nathan MacKinnon Matt Martin Maxim Afinogenov 25 1 2 2
4 Peter Regin Patrick Marleau T.J. Oshie 5 0 3 2
5 vs 5 Defense
Defense Defense Time % Phy DF OF
1 Hampus Lindholm Jeff Schultz 35 0 3 2
2 Victor Hedman Radko Gudas 35 1 2 2
3 Taylor Chorney Dan Hamhuis 30 1 3 1
4 Taylor Chorney Radko Gudas 0 1 2 2
PowerPlay Forward
Center Left Wing Right Wing Time % Phy DF OF
1 Nathan MacKinnon Jaden Schwartz Zack Kassian 60 1 0 4
2 Mark Scheifele Sean Bergenheim Kris Versteeg 40 1 0 4
PowerPlay Defense
Defense Defense Time % Phy DF OF
1 Hampus Lindholm Victor Hedman 60 0 2 3
2 Jeff Schultz Anze Kopitar 40 0 2 3
Penalty Kill 4 Players Forward
Center Wing Time % Phy DF OF
1 Matt Martin Maxim Afinogenov 60 1 3 1
2 Peter Regin Patrick Marleau 40 1 3 1
Penalty Kill 4 Players Defense
Defense Defense Time % Phy DF OF
1 Jeff Schultz Taylor Chorney 60 1 4 0
2 Radko Gudas Dan Hamhuis 40 1 4 0
Penalty Kill - 3 Players Forward
Forward Time % Phy DF OF
1 Zack Kassian 60 1 3 1
2 Anze Kopitar 40 1 3 1
Penalty Kill - 3 Players Defense
Defense Defense Time % Phy DF OF
1 Jeff Schultz Taylor Chorney 60 1 4 0
2 Hampus Lindholm Radko Gudas 40 1 4 0
4 vs 4 Forward
Center Wing Time % Phy DF OF
1 Anze Kopitar Kris Versteeg 60 1 2 2
2 Nathan MacKinnon Zack Kassian 40 1 1 3
4 vs 4 Defense
Defense Defense Time % Phy DF OF
1 Victor Hedman Jeff Schultz 60 1 2 2
2 Hampus Lindholm Radko Gudas 40 1 2 2
Last Minutes Offensive
Center Left Wing Right Wing Defense Defense
Anze Kopitar Jaden Schwartz Zack Kassian Hampus Lindholm Victor Hedman
Last Minutes Defensive
Center Left Wing Right Wing Defense Defense
Anze Kopitar Sean Bergenheim Zack Kassian Jeff Schultz Radko Gudas
Goaltenders
Starting : Antti Niemi
Backup : Philipp Grubauer
Extra Forwards
Normal : Zack Kassian, Kris Versteeg, Maxim Afinogenov - PP : Matt Martin, Maxim Afinogenov - PK : Anze Kopitar
Extra Defensemen
Normal : Hampus Lindholm, Victor Hedman, Dan Hamhuis - PP : Radko Gudas - PK : Hampus Lindholm, Victor Hedman
Penalty Shots
Jaden Schwartz, Kris Versteeg, Anze Kopitar, Peter Regin, Matt Martin
Scratches
None
Lightning
5 vs 5 Forward
Center Left Wing Right Wing Time % Phy DF OF
1 Tyler Johnson Daniel Carcillo Nikita Kucherov 35 0 2 3
2 Gilbert Brule Henrik Zetterberg Tyler Toffoli 30 0 2 3
3 Cody Hodgson Teuvo Teravainen Patrick Kaleta 30 0 2 3
4 Mikael Backlund Dany Heatley Jack Skille 5 1 2 2
5 vs 5 Defense
Defense Defense Time % Phy DF OF
1 Rasmus Ristolainen Jon Merrill 40 0 2 3
2 Andy Rogers Theo Peckham 30 0 2 3
3 Cameron Schilling Paul Ranger 20 1 2 2
4 Rasmus Ristolainen Jon Merrill 10 0 2 3
PowerPlay Forward
Center Left Wing Right Wing Time % Phy DF OF
1 Tyler Johnson Teuvo Teravainen Nikita Kucherov 60 0 1 4
2 Gilbert Brule Henrik Zetterberg Tyler Toffoli 40 0 1 4
PowerPlay Defense
Defense Defense Time % Phy DF OF
1 Rasmus Ristolainen Jon Merrill 60 0 1 4
2 Cameron Schilling Paul Ranger 40 0 2 3
Penalty Kill 4 Players Forward
Center Wing Time % Phy DF OF
1 Tyler Johnson Daniel Carcillo 60 1 3 1
2 Gilbert Brule Patrick Kaleta 40 1 3 1
Penalty Kill 4 Players Defense
Defense Defense Time % Phy DF OF
1 Andy Rogers Jon Merrill 60 1 3 1
2 Cameron Schilling Theo Peckham 40 1 3 1
Penalty Kill - 3 Players Forward
Forward Time % Phy DF OF
1 Tyler Johnson 60 1 3 1
2 Gilbert Brule 40 1 3 1
Penalty Kill - 3 Players Defense
Defense Defense Time % Phy DF OF
1 Andy Rogers Jon Merrill 60 1 3 1
2 Cameron Schilling Theo Peckham 40 1 3 1
4 vs 4 Forward
Center Wing Time % Phy DF OF
1 Tyler Johnson Nikita Kucherov 60 0 2 3
2 Henrik Zetterberg Tyler Toffoli 40 0 2 3
4 vs 4 Defense
Defense Defense Time % Phy DF OF
1 Rasmus Ristolainen Jon Merrill 60 0 2 3
2 Cameron Schilling Andy Rogers 40 1 2 2
Last Minutes Offensive
Center Left Wing Right Wing Defense Defense
Tyler Johnson Henrik Zetterberg Nikita Kucherov Rasmus Ristolainen Jon Merrill
Last Minutes Defensive
Center Left Wing Right Wing Defense Defense
Tyler Johnson Daniel Carcillo Patrick Kaleta Andy Rogers Jon Merrill
Goaltenders
Starting : Jaroslav Halak
Backup : Jhonas Enroth
Extra Forwards
Normal : Dany Heatley, Nikita Kucherov, Teuvo Teravainen - PP : Dany Heatley, Nikita Kucherov - PK : Patrick Kaleta
Extra Defensemen
Normal : Rasmus Ristolainen, Jon Merrill, Cameron Schilling - PP : Rasmus Ristolainen - PK : Paul Ranger, Cameron Schilling
Penalty Shots
Tyler Toffoli, Nikita Kucherov, Teuvo Teravainen, Tyler Johnson, Gilbert Brule
Scratches
Pierre-Luc Létourneau (Healthy), Justin Schultz (Right Ankle Injury)
% Time on Ice - Kings
Lines # - Real PCT - Wanted PCT - Time Play
Normal Forward
1 - 30% - 35% - 12:12
2 - 29% - 35% - 11:35
3 - 25% - 25% - 9:59
4 - 17% - 5% - 6:45
Normal Defense
1 - 35% - 35% - 13:59
2 - 33% - 35% - 13:34
3 - 29% - 30% - 11:42
4 - 3% - 0% - 1:16
PP Forward
1 - 60% - 60% - 7:12
2 - 40% - 40% - 4:45
PP Defense
1 - 69% - 60% - 8:14
2 - 31% - 40% - 3:43
PK Forward
1 - 74% - 60% - 4:17
2 - 26% - 40% - 1:29
PK Defense
1 - 55% - 60% - 3:12
2 - 45% - 40% - 2:34
PK3 Forward
1 - 100% - 60% - 1:34
2 - 0% - 40% - 0:00
PK3 Defense
1 - 63% - 60% - 0:59
2 - 37% - 40% - 0:35
44 Forward
1 - 0% - 60%
2 - 0% - 40%
44 Defense
1 - 0% - 60%
2 - 0% - 40%
Last Minute Offensive - 0:00
Last Minute Defensive - 0:12
Total
Forward - 60:00
Defense - 60:00
|
% Time on Ice - Lightning
Lines # - Real PCT - Wanted PCT - Time Play
Normal Forward
1 - 32% - 35% - 13:03
2 - 24% - 30% - 9:47
3 - 27% - 30% - 11:00
4 - 16% - 5% - 6:41
Normal Defense
1 - 44% - 40% - 17:47
2 - 33% - 30% - 13:20
3 - 21% - 20% - 8:30
4 - 2% - 10% - 0:54
PP Forward
1 - 55% - 60% - 4:03
2 - 45% - 40% - 3:17
PP Defense
1 - 63% - 60% - 4:37
2 - 37% - 40% - 2:43
PK Forward
1 - 82% - 60% - 8:25
2 - 18% - 40% - 1:51
PK Defense
1 - 67% - 60% - 6:55
2 - 33% - 40% - 3:21
PK3 Forward
1 - 74% - 60% - 1:15
2 - 26% - 40% - 0:26
PK3 Defense
1 - 57% - 60% - 0:58
2 - 43% - 40% - 0:43
44 Forward
1 - 0% - 60%
2 - 0% - 40%
44 Defense
1 - 0% - 60%
2 - 0% - 40%
Last Minute Offensive - 0:12
Last Minute Defensive - 0:00
Total
Forward - 60:00
Defense - 60:00
|
Play-by-Play
1st period
0:01 of 1st period - Anze Kopitar wins face-off versus Tyler Johnson in neutral zone.
0:26 of 1st period - Henrik Zetterberg is hit by Jeff Schultz and loses puck.
1:11 of 1st period - Slapshot by Patrick Marleau.
1:11 of 1st period - Stopped by Jaroslav Halak with a rebound.
1:34 of 1st period - Off-side.
1:35 of 1st period - Anze Kopitar wins face-off versus Tyler Johnson in neutral zone.
1:38 of 1st period - Paul Ranger is hit by Zack Kassian.
2:03 of 1st period - Radko Gudas is hit by Gilbert Brule.
2:09 of 1st period - Snap shot by Mark Scheifele.
2:09 of 1st period - Stopped by Jaroslav Halak with a rebound.
2:11 of 1st period - Slapshot by Radko Gudas.
2:11 of 1st period - Stopped by Jaroslav Halak without a rebound.
2:12 of 1st period - Cody Hodgson wins face-off versus Nathan MacKinnon in Lightning zone.
2:44 of 1st period - Wrist shot by Nathan MacKinnon.
2:44 of 1st period - Goal by Nathan MacKinnon - Kings : 1 - Lightning : 0.
2:45 of 1st period - Mark Scheifele wins face-off versus Gilbert Brule in neutral zone.
2:52 of 1st period - Wrist shot by Gilbert Brule.
2:52 of 1st period - Deflect By Mark Scheifele.
2:52 of 1st period - Stopped by Antti Niemi with a rebound.
3:41 of 1st period - Wrist shot by Patrick Kaleta.
3:41 of 1st period - Shot Blocked by Maxim Afinogenov.
3:55 of 1st period - Dany Heatley is hit by Peter Regin and loses puck.
5:19 of 1st period - Wrist shot by Zack Kassian.
5:19 of 1st period - Shot Misses the Net.
5:29 of 1st period - Slapshot by Cody Hodgson.
5:29 of 1st period - Shot Misses the Net.
5:31 of 1st period - Slapshot by Theo Peckham.
5:31 of 1st period - Stopped by Antti Niemi with a rebound.
6:14 of 1st period - Daniel Carcillo is hit by Maxim Afinogenov and loses puck.
6:25 of 1st period - Patrick Kaleta is hit by Patrick Marleau and loses puck.
7:06 of 1st period - Andy Rogers is hit by Radko Gudas and loses puck.
8:15 of 1st period - Off-side.
8:16 of 1st period - Tyler Johnson wins face-off versus Mark Scheifele in neutral zone.
8:29 of 1st period - Slapshot by Tyler Johnson.
8:29 of 1st period - Stopped by Antti Niemi with a rebound.
8:31 of 1st period - Wrist shot by Daniel Carcillo.
8:31 of 1st period - Stopped by Antti Niemi without a rebound.
8:32 of 1st period - Anze Kopitar wins face-off versus Gilbert Brule in Kings zone.
8:34 of 1st period - Minor Penalty to Zack Kassian for Tripping.
8:35 of 1st period - Matt Martin wins face-off versus Tyler Johnson in Kings zone.
8:52 of 1st period - Slapshot by Nikita Kucherov.
8:52 of 1st period - Stopped by Antti Niemi with a rebound.
10:02 of 1st period - Nikita Kucherov is hit by Peter Regin and loses puck.
10:34 of 1st period - Penalty to Zack Kassian is over, Zack Kassian is back on ice.
11:11 of 1st period - Snap shot by Zack Kassian.
11:11 of 1st period - Stopped by Jaroslav Halak with a rebound.
11:13 of 1st period - Wrist shot by Anze Kopitar.
11:13 of 1st period - Stopped by Jaroslav Halak without a rebound.
11:14 of 1st period - Tyler Johnson wins face-off versus Anze Kopitar in Lightning zone.
11:14 of 1st period - Tyler Johnson is hit by Anze Kopitar.
11:43 of 1st period - Icing by Dany Heatley.
11:44 of 1st period - Anze Kopitar wins face-off versus Mikael Backlund in Lightning zone.
11:47 of 1st period - Wrist shot by Anze Kopitar.
11:47 of 1st period - Shot Blocked by Jack Skille.
11:49 of 1st period - Slapshot by Dan Hamhuis.
11:49 of 1st period - Shot Misses the Net.
12:11 of 1st period - Snap shot by Dany Heatley.
12:11 of 1st period - Stopped by Antti Niemi without a rebound.
12:12 of 1st period - Tyler Johnson wins face-off versus Mark Scheifele in Kings zone.
12:12 of 1st period - Rasmus Ristolainen is hit by Jeff Schultz and loses puck.
12:23 of 1st period - Wrist shot by Mark Scheifele.
12:23 of 1st period - Deflect By Sean Bergenheim.
12:23 of 1st period - Shot Misses the Net.
12:23 of 1st period - Puck is out of play.
12:24 of 1st period - Tyler Johnson wins face-off versus Mark Scheifele in Lightning zone.
12:51 of 1st period - Daniel Carcillo is hit by Matt Martin and loses puck.
13:25 of 1st period - Minor Penalty to Nathan MacKinnon for High sticking.
13:26 of 1st period - Matt Martin wins face-off versus Gilbert Brule in Kings zone.
13:50 of 1st period - Icing by Rasmus Ristolainen.
13:51 of 1st period - Gilbert Brule wins face-off versus Matt Martin in Lightning zone.
14:33 of 1st period - Wrist shot by Gilbert Brule.
14:33 of 1st period - Stopped by Antti Niemi without a rebound.
14:34 of 1st period - Tyler Johnson wins face-off versus Matt Martin in Kings zone.
14:41 of 1st period - Cameron Schilling is hit by Maxim Afinogenov and loses puck.
15:15 of 1st period - Wrist shot by Peter Regin.
15:15 of 1st period - Shot Misses the Net.
15:25 of 1st period - Penalty to Nathan MacKinnon is over, Nathan MacKinnon is back on ice.
15:39 of 1st period - Backhand shot by Matt Martin.
15:39 of 1st period - Stopped by Jaroslav Halak without a rebound.
15:40 of 1st period - Sean Bergenheim wins face-off versus Mikael Backlund in Lightning zone.
15:41 of 1st period - Snap shot by Mark Scheifele.
15:41 of 1st period - Stopped by Jaroslav Halak without a rebound.
15:42 of 1st period - Dany Heatley wins face-off versus Mark Scheifele in Lightning zone.
16:14 of 1st period - Henrik Zetterberg is hit by Jaden Schwartz and loses puck.
16:19 of 1st period - Snap shot by Anze Kopitar.
16:19 of 1st period - Stopped by Jaroslav Halak without a rebound.
16:20 of 1st period - Mark Scheifele wins face-off versus Cody Hodgson in Lightning zone.
16:23 of 1st period - Wrist shot by Kris Versteeg.
16:23 of 1st period - Shot Misses the Net.
16:31 of 1st period - Wrist shot by Kris Versteeg.
16:31 of 1st period - Shot Misses the Net.
16:33 of 1st period - Wrist shot by Kris Versteeg.
16:33 of 1st period - Shot Misses the Net.
16:37 of 1st period - Wrist shot by Mark Scheifele.
16:37 of 1st period - Shot Blocked by Rasmus Ristolainen.
17:02 of 1st period - Tyler Toffoli is hit by Jaden Schwartz and loses puck.
17:54 of 1st period - Snap shot by Patrick Marleau.
17:54 of 1st period - Stopped by Jaroslav Halak with a rebound.
17:56 of 1st period - Slapshot by Hampus Lindholm.
17:56 of 1st period - Stopped by Jaroslav Halak with a rebound.
17:58 of 1st period - Wrist shot by Patrick Marleau.
17:58 of 1st period - Goal by Patrick Marleau - Kings : 2 - Lightning : 0.
17:59 of 1st period - Anze Kopitar wins face-off versus Gilbert Brule in neutral zone.
19:00 of 1st period - Icing by Rasmus Ristolainen.
19:01 of 1st period - Anze Kopitar wins face-off versus Cody Hodgson in Lightning zone.
19:28 of 1st period - Snap shot by Cody Hodgson.
19:28 of 1st period - Stopped by Antti Niemi without a rebound.
19:29 of 1st period - Tyler Johnson wins face-off versus Mark Scheifele in Kings zone.
19:34 of 1st period - Snap shot by Tyler Johnson.
19:34 of 1st period - Shot Blocked by Victor Hedman.
19:36 of 1st period - Snap shot by Nikita Kucherov.
19:36 of 1st period - Stopped by Antti Niemi with a rebound.
19:38 of 1st period - Slapshot by Andy Rogers.
19:38 of 1st period - Shot Misses the Net.
19:40 of 1st period - Slapshot by Theo Peckham.
19:40 of 1st period - Stopped by Antti Niemi without a rebound.
19:41 of 1st period - Gilbert Brule wins face-off versus Mark Scheifele in Kings zone.
19:46 of 1st period - Snap shot by Gilbert Brule.
19:46 of 1st period - Shot Misses the Net.
Goals for this period are 2 for Kings vs 0 for Lightning .
Shots for this period are 12 for Kings vs 10 for Lightning .
2nd period
0:01 of 2nd period - Tyler Johnson wins face-off versus Anze Kopitar in neutral zone.
0:12 of 2nd period - Snap shot by Tyler Johnson.
0:12 of 2nd period - Stopped by Antti Niemi with a rebound.
0:14 of 2nd period - Slapshot by Jon Merrill.
0:14 of 2nd period - Stopped by Antti Niemi without a rebound.
0:15 of 2nd period - Gilbert Brule wins face-off versus Nathan MacKinnon in Kings zone.
0:25 of 2nd period - Minor Penalty to Matt Martin for Hooking.
0:26 of 2nd period - Anze Kopitar wins face-off versus Tyler Johnson in Kings zone.
1:05 of 2nd period - Wrist shot by Henrik Zetterberg.
1:05 of 2nd period - Shot Misses the Net.
1:07 of 2nd period - Slapshot by Jon Merrill.
1:07 of 2nd period - Stopped by Antti Niemi without a rebound.
1:08 of 2nd period - Tyler Johnson wins face-off versus Anze Kopitar in Kings zone.
1:09 of 2nd period - Snap shot by Nikita Kucherov.
1:09 of 2nd period - Shot Blocked by Radko Gudas.
1:13 of 2nd period - Wrist shot by Teuvo Teravainen.
1:13 of 2nd period - Stopped by Antti Niemi with a rebound.
1:15 of 2nd period - Slapshot by Paul Ranger.
1:15 of 2nd period - Deflect By Teuvo Teravainen.
1:15 of 2nd period - Shot Hit the Post.
1:15 of 2nd period - Puck is out of play.
1:16 of 2nd period - Tyler Johnson wins face-off versus Anze Kopitar in Kings zone.
1:23 of 2nd period - Snap shot by Tyler Johnson.
1:23 of 2nd period - Goal by Tyler Johnson - Kings : 2 - Lightning : 1.
1:24 of 2nd period - Mark Scheifele wins face-off versus Tyler Johnson in neutral zone.
1:27 of 2nd period - Slapshot by Jeff Schultz.
1:27 of 2nd period - Deflect By Sean Bergenheim.
1:27 of 2nd period - Shot Blocked by Nikita Kucherov.
1:27 of 2nd period - Puck is out of play.
1:28 of 2nd period - Mark Scheifele wins face-off versus Nikita Kucherov in Lightning zone.
1:41 of 2nd period - Wrist shot by Sean Bergenheim.
1:41 of 2nd period - Stopped by Jaroslav Halak without a rebound.
1:42 of 2nd period - Gilbert Brule wins face-off versus Anze Kopitar in Lightning zone.
1:42 of 2nd period - Gilbert Brule is hit by Zack Kassian.
2:08 of 2nd period - Matt Martin is hit by Jon Merrill and loses puck.
2:26 of 2nd period - Andy Rogers is hit by Matt Martin and loses puck.
3:11 of 2nd period - Slapshot by Tyler Johnson.
3:11 of 2nd period - Shot Misses the Net.
3:13 of 2nd period - Snap shot by Tyler Johnson.
3:13 of 2nd period - Shot Blocked by Victor Hedman.
3:51 of 2nd period - Maxim Afinogenov is hit by Daniel Carcillo and loses puck.
4:18 of 2nd period - Snap shot by Nathan MacKinnon.
4:18 of 2nd period - Stopped by Jaroslav Halak without a rebound.
4:19 of 2nd period - Mark Scheifele wins face-off versus Tyler Toffoli in Lightning zone.
4:34 of 2nd period - Snap shot by Mark Scheifele.
4:34 of 2nd period - Stopped by Jaroslav Halak with a rebound.
5:18 of 2nd period - Wrist shot by Jack Skille.
5:18 of 2nd period - Goal by Jack Skille - Kings : 2 - Lightning : 2.
5:19 of 2nd period - Gilbert Brule wins face-off versus Mark Scheifele in neutral zone.
5:28 of 2nd period - Snap shot by Sean Bergenheim.
5:28 of 2nd period - Shot Misses the Net.
6:02 of 2nd period - Patrick Kaleta is hit by Dan Hamhuis and loses puck.
6:17 of 2nd period - Slapshot by Rasmus Ristolainen.
6:17 of 2nd period - Deflect By Jack Skille.
6:17 of 2nd period - Stopped by Antti Niemi without a rebound.
6:18 of 2nd period - Mark Scheifele wins face-off versus Mikael Backlund in Kings zone.
6:49 of 2nd period - Off-side.
6:50 of 2nd period - Gilbert Brule wins face-off versus Anze Kopitar in neutral zone.
6:53 of 2nd period - Taylor Chorney is hit by Tyler Toffoli and loses puck.
7:06 of 2nd period - Theo Peckham is hit by Zack Kassian and loses puck.
7:17 of 2nd period - Andy Rogers is hit by Dan Hamhuis and loses puck.
7:34 of 2nd period - Minor Penalty to Theo Peckham for Hooking.
7:35 of 2nd period - Nathan MacKinnon wins face-off versus Tyler Johnson in Lightning zone.
7:46 of 2nd period - Snap shot by Zack Kassian.
7:46 of 2nd period - Shot Misses the Net.
7:48 of 2nd period - Wrist shot by Jaden Schwartz.
7:48 of 2nd period - Deflect By Zack Kassian.
7:48 of 2nd period - Shot Misses the Net.
7:48 of 2nd period - Puck is out of play.
7:49 of 2nd period - Nathan MacKinnon wins face-off versus Tyler Johnson in Lightning zone.
7:50 of 2nd period - Wrist shot by Zack Kassian.
7:50 of 2nd period - Stopped by Jaroslav Halak with a rebound.
7:52 of 2nd period - Slapshot by Hampus Lindholm.
7:52 of 2nd period - Shot Misses the Net.
7:54 of 2nd period - Wrist shot by Victor Hedman.
7:54 of 2nd period - Shot Misses the Net.
8:20 of 2nd period - Slapshot by Sean Bergenheim.
8:20 of 2nd period - Goal by Sean Bergenheim - Kings : 3 - Lightning : 2.
8:21 of 2nd period - Anze Kopitar wins face-off versus Cody Hodgson in neutral zone.
9:05 of 2nd period - Icing by Hampus Lindholm.
9:06 of 2nd period - Nathan MacKinnon wins face-off versus Tyler Johnson in Kings zone.
9:11 of 2nd period - Slapshot by Hampus Lindholm.
9:11 of 2nd period - Deflect By Matt Martin.
9:11 of 2nd period - Stopped by Jaroslav Halak without a rebound.
9:12 of 2nd period - Tyler Johnson wins face-off versus Nathan MacKinnon in Lightning zone.
9:12 of 2nd period - Tyler Johnson is hit by Dan Hamhuis.
9:15 of 2nd period - Minor Penalty to Daniel Carcillo for Slashing.
9:16 of 2nd period - Tyler Johnson wins face-off versus Nathan MacKinnon in Lightning zone.
9:16 of 2nd period - Tyler Johnson is hit by Jaden Schwartz.
9:26 of 2nd period - Snap shot by Hampus Lindholm.
9:26 of 2nd period - Deflect By Zack Kassian.
9:26 of 2nd period - Stopped by Jaroslav Halak with a rebound.
9:28 of 2nd period - Wrist shot by Hampus Lindholm.
9:28 of 2nd period - Shot Misses the Net.
9:30 of 2nd period - Slapshot by Victor Hedman.
9:30 of 2nd period - Deflect By Jaden Schwartz.
9:30 of 2nd period - Stopped by Jaroslav Halak with a rebound.
9:32 of 2nd period - Snap shot by Jaden Schwartz.
9:32 of 2nd period - Stopped by Jaroslav Halak with a rebound.
10:02 of 2nd period - Jeff Schultz is hit by Jon Merrill and loses puck.
11:13 of 2nd period - Henrik Zetterberg is hit by Jeff Schultz and loses puck.
11:15 of 2nd period - Penalty to Daniel Carcillo is over, Daniel Carcillo is back on ice.
11:24 of 2nd period - Theo Peckham is hit by Peter Regin and loses puck.
11:47 of 2nd period - Snap shot by Patrick Kaleta.
11:47 of 2nd period - Stopped by Antti Niemi without a rebound.
11:48 of 2nd period - Cody Hodgson wins face-off versus Peter Regin in Kings zone.
12:02 of 2nd period - Snap shot by T.J. Oshie.
12:02 of 2nd period - Deflect By Patrick Marleau.
12:02 of 2nd period - Shot Misses the Net.
12:02 of 2nd period - Puck is out of play.
12:03 of 2nd period - Anze Kopitar wins face-off versus Mikael Backlund in Lightning zone.
12:13 of 2nd period - Off-side.
12:14 of 2nd period - Teuvo Teravainen wins face-off versus Mark Scheifele in neutral zone.
12:27 of 2nd period - Snap shot by Patrick Kaleta.
12:27 of 2nd period - Shot Misses the Net.
13:23 of 2nd period - Minor Penalty to Daniel Carcillo for Interference.
13:24 of 2nd period - Nathan MacKinnon wins face-off versus Tyler Johnson in Lightning zone.
13:39 of 2nd period - Slapshot by Zack Kassian.
13:39 of 2nd period - Shot Misses the Net.
13:57 of 2nd period - Slapshot by Victor Hedman.
13:57 of 2nd period - Shot Misses the Net.
13:59 of 2nd period - Wrist shot by Sean Bergenheim.
13:59 of 2nd period - Stopped by Jaroslav Halak without a rebound.
14:00 of 2nd period - Dany Heatley wins face-off versus Nathan MacKinnon in Lightning zone.
14:11 of 2nd period - Backhand shot by Zack Kassian.
14:11 of 2nd period - Shot Misses the Net.
15:23 of 2nd period - Penalty to Daniel Carcillo is over, Daniel Carcillo is back on ice.
15:53 of 2nd period - Slapshot by Hampus Lindholm.
15:53 of 2nd period - Stopped by Jaroslav Halak without a rebound.
15:54 of 2nd period - Cody Hodgson wins face-off versus Nathan MacKinnon in Lightning zone.
16:03 of 2nd period - Nathan MacKinnon is hit by Cody Hodgson and loses puck.
16:08 of 2nd period - Wrist shot by Teuvo Teravainen.
16:08 of 2nd period - Deflect By Cody Hodgson.
16:08 of 2nd period - Stopped by Antti Niemi with a rebound.
16:22 of 2nd period - Nikita Kucherov is hit by Kris Versteeg and loses puck.
16:47 of 2nd period - Mikael Backlund is hit by Zack Kassian and loses puck.
17:09 of 2nd period - Icing by Hampus Lindholm.
17:10 of 2nd period - Henrik Zetterberg wins face-off versus Peter Regin in Kings zone.
17:23 of 2nd period - Snap shot by T.J. Oshie.
17:23 of 2nd period - Stopped by Jaroslav Halak with a rebound.
17:25 of 2nd period - Wrist shot by Patrick Marleau.
17:25 of 2nd period - Stopped by Jaroslav Halak without a rebound.
17:26 of 2nd period - Mark Scheifele wins face-off versus Cody Hodgson in Lightning zone.
17:38 of 2nd period - Minor Penalty to Cameron Schilling for Cross-checking.
17:39 of 2nd period - Tyler Johnson wins face-off versus Nathan MacKinnon in Lightning zone.
17:55 of 2nd period - Wrist shot by Zack Kassian.
17:55 of 2nd period - Stopped by Jaroslav Halak without a rebound.
17:56 of 2nd period - Mark Scheifele wins face-off versus Tyler Johnson in Lightning zone.
18:40 of 2nd period - Icing by Hampus Lindholm.
18:41 of 2nd period - Patrick Kaleta wins face-off versus Nathan MacKinnon in Kings zone.
19:38 of 2nd period - Penalty to Cameron Schilling is over, Cameron Schilling is back on ice.
19:40 of 2nd period - Theo Peckham is hit by Sean Bergenheim and loses puck.
19:49 of 2nd period - Slapshot by Daniel Carcillo.
19:49 of 2nd period - Stopped by Antti Niemi without a rebound.
19:50 of 2nd period - Peter Regin wins face-off versus Gilbert Brule in Kings zone.
Goals for this period are 1 for Kings vs 2 for Lightning .
Shots for this period are 14 for Kings vs 10 for Lightning .
3rd period
0:01 of 3rd period - Gilbert Brule wins face-off versus Anze Kopitar in neutral zone.
0:14 of 3rd period - Icing by Anze Kopitar.
0:15 of 3rd period - Tyler Johnson wins face-off versus Anze Kopitar in Kings zone.
0:42 of 3rd period - Radko Gudas is hit by Jon Merrill and loses puck.
1:08 of 3rd period - Icing by Cameron Schilling.
1:09 of 3rd period - Gilbert Brule wins face-off versus Mark Scheifele in Lightning zone.
1:15 of 3rd period - Minor Penalty to Gilbert Brule for Hooking.
1:16 of 3rd period - Nathan MacKinnon wins face-off versus Tyler Johnson in Lightning zone.
1:33 of 3rd period - Minor Penalty to Daniel Carcillo for High sticking.
1:34 of 3rd period - Tyler Johnson wins face-off versus Nathan MacKinnon in Lightning zone.
1:34 of 3rd period - Tyler Johnson is hit by Jaden Schwartz.
1:43 of 3rd period - Slapshot by Hampus Lindholm.
1:43 of 3rd period - Stopped by Jaroslav Halak with a rebound.
1:45 of 3rd period - Snap shot by Jaden Schwartz.
1:45 of 3rd period - Shot Misses the Net.
2:08 of 3rd period - Snap shot by Hampus Lindholm.
2:08 of 3rd period - Stopped by Jaroslav Halak with a rebound.
3:15 of 3rd period - Penalty to Gilbert Brule is over, Gilbert Brule is back on ice.
3:33 of 3rd period - Penalty to Daniel Carcillo is over, Daniel Carcillo is back on ice.
3:42 of 3rd period - Snap shot by Daniel Carcillo.
3:42 of 3rd period - Shot Blocked by Patrick Marleau.
3:54 of 3rd period - Snap shot by Gilbert Brule.
3:54 of 3rd period - Deflect By Cody Hodgson.
3:54 of 3rd period - Shot Blocked by Peter Regin.
3:54 of 3rd period - Puck is out of play.
3:55 of 3rd period - Mikael Backlund wins face-off versus Mark Scheifele in Kings zone.
4:22 of 3rd period - Snap shot by Daniel Carcillo.
4:22 of 3rd period - Shot Blocked by Taylor Chorney.
4:24 of 3rd period - Snap shot by Nikita Kucherov.
4:24 of 3rd period - Shot Misses the Net.
6:28 of 3rd period - Snap shot by Daniel Carcillo.
6:28 of 3rd period - Stopped by Antti Niemi without a rebound.
6:29 of 3rd period - Mark Scheifele wins face-off versus Cody Hodgson in Kings zone.
7:04 of 3rd period - Minor Penalty to Zack Kassian for Tripping.
7:05 of 3rd period - Tyler Johnson wins face-off versus Maxim Afinogenov in Kings zone.
7:19 of 3rd period - Snap shot by Tyler Johnson.
7:19 of 3rd period - Stopped by Antti Niemi with a rebound.
7:29 of 3rd period - Minor Penalty to Maxim Afinogenov for Charging.
7:30 of 3rd period - Anze Kopitar wins face-off versus Teuvo Teravainen in Kings zone.
7:43 of 3rd period - Snap shot by Rasmus Ristolainen.
7:43 of 3rd period - Shot Misses the Net.
7:45 of 3rd period - Slapshot by Nikita Kucherov.
7:45 of 3rd period - Shot Misses the Net.
7:47 of 3rd period - Snap shot by Tyler Johnson.
7:47 of 3rd period - Shot Misses the Net.
8:17 of 3rd period - Taylor Chorney is hit by Cameron Schilling and loses puck.
9:04 of 3rd period - Penalty to Zack Kassian is over, Zack Kassian is back on ice.
9:12 of 3rd period - Snap shot by Zack Kassian.
9:12 of 3rd period - Shot Blocked by Teuvo Teravainen.
9:14 of 3rd period - Slapshot by Jeff Schultz.
9:14 of 3rd period - Stopped by Jaroslav Halak with a rebound.
9:16 of 3rd period - Slapshot by Jeff Schultz.
9:16 of 3rd period - Stopped by Jaroslav Halak without a rebound.
9:17 of 3rd period - Matt Martin wins face-off versus Tyler Johnson in Lightning zone.
9:29 of 3rd period - Penalty to Maxim Afinogenov is over, Maxim Afinogenov is back on ice.
9:54 of 3rd period - Minor Penalty to Mikael Backlund for Interference.
9:55 of 3rd period - Nathan MacKinnon wins face-off versus Tyler Johnson in Lightning zone.
11:54 of 3rd period - Penalty to Mikael Backlund is over, Mikael Backlund is back on ice.
12:04 of 3rd period - Anze Kopitar is hit by Paul Ranger.
13:34 of 3rd period - Henrik Zetterberg is hit by Hampus Lindholm.
13:51 of 3rd period - Icing by Hampus Lindholm.
13:52 of 3rd period - Tyler Johnson wins face-off versus Maxim Afinogenov in Kings zone.
13:55 of 3rd period - Snap shot by Daniel Carcillo.
13:55 of 3rd period - Stopped by Antti Niemi with a rebound.
15:28 of 3rd period - Anze Kopitar is hit by Dany Heatley and loses puck.
15:55 of 3rd period - Slapshot by Cody Hodgson.
15:55 of 3rd period - Goal by Cody Hodgson - Kings : 3 - Lightning : 3.
15:56 of 3rd period - Cody Hodgson wins face-off versus Nathan MacKinnon in neutral zone.
16:46 of 3rd period - Snap shot by Gilbert Brule.
16:46 of 3rd period - Shot Misses the Net.
16:48 of 3rd period - Snap shot by Gilbert Brule.
16:48 of 3rd period - Deflect By Henrik Zetterberg.
16:48 of 3rd period - Stopped by Antti Niemi with a rebound.
16:50 of 3rd period - Slapshot by Jon Merrill.
16:50 of 3rd period - Stopped by Antti Niemi without a rebound.
16:51 of 3rd period - Cody Hodgson wins face-off versus Nathan MacKinnon in Kings zone.
17:27 of 3rd period - Snap shot by Daniel Carcillo.
17:27 of 3rd period - Shot Misses the Net.
17:41 of 3rd period - Mark Scheifele is hit by Paul Ranger and loses puck.
18:20 of 3rd period - Slapshot by Taylor Chorney.
18:20 of 3rd period - Stopped by Jaroslav Halak without a rebound.
18:21 of 3rd period - Cody Hodgson wins face-off versus Nathan MacKinnon in Lightning zone.
18:32 of 3rd period - Wrist shot by Jeff Schultz.
18:32 of 3rd period - Deflect By Patrick Kaleta.
18:32 of 3rd period - Stopped by Jaroslav Halak without a rebound.
18:33 of 3rd period - Matt Martin wins face-off versus Cody Hodgson in Lightning zone.
18:40 of 3rd period - Snap shot by Maxim Afinogenov.
18:40 of 3rd period - Stopped by Jaroslav Halak without a rebound.
18:41 of 3rd period - Nathan MacKinnon wins face-off versus Cody Hodgson in Lightning zone.
18:44 of 3rd period - Wrist shot by Nathan MacKinnon.
18:44 of 3rd period - Stopped by Jaroslav Halak with a rebound.
18:49 of 3rd period - Minor Penalty to Teuvo Teravainen for Tripping.
18:50 of 3rd period - Daniel Carcillo wins face-off versus Nathan MacKinnon in Lightning zone.
19:04 of 3rd period - Snap shot by Zack Kassian.
19:04 of 3rd period - Goal by Zack Kassian - Kings : 4 - Lightning : 3.
19:05 of 3rd period - Anze Kopitar wins face-off versus Tyler Johnson in neutral zone.
19:12 of 3rd period - Snap shot by Zack Kassian.
19:12 of 3rd period - Deflect By Rasmus Ristolainen.
19:12 of 3rd period - Shot Misses the Net.
19:12 of 3rd period - Puck is out of play.
19:13 of 3rd period - Mike Babcock call a timeout for Lightning .
19:13 of 3rd period - Tyler Johnson wins face-off versus Anze Kopitar in Lightning zone.
19:13 of 3rd period - Tyler Johnson is hit by Sean Bergenheim.
19:16 of 3rd period - Minor Penalty to Rasmus Ristolainen for Elbowing.
19:17 of 3rd period - Nathan MacKinnon wins face-off versus Tyler Johnson in Lightning zone.
19:43 of 3rd period - Sean Bergenheim is hit by Patrick Kaleta and loses puck.
19:48 of 3rd period - Snap shot by Gilbert Brule.
19:48 of 3rd period - Stopped by Antti Niemi with a rebound.
19:50 of 3rd period - Wrist shot by Gilbert Brule.
19:50 of 3rd period - Shot Misses the Net.
19:52 of 3rd period - Slapshot by Theo Peckham.
19:52 of 3rd period - Shot Blocked by Mark Scheifele.
19:54 of 3rd period - Wrist shot by Gilbert Brule.
19:54 of 3rd period - Deflect By Patrick Kaleta.
19:54 of 3rd period - Shot Misses the Net.
19:54 of 3rd period - Puck is out of play.
19:55 of 3rd period - Nathan MacKinnon wins face-off versus Tyler Johnson in Kings zone.
Goals for this period are 1 for Kings vs 1 for Lightning .
Shots for this period are 9 for Kings vs 7 for Lightning .
Back to the Top